 Dungeon Crawl Stone Soup version 0.29.0-4-gdea44cf6ec (webtiles) character file.

Game seed: 5252006385289751276

46 qw the Chopper (level 3, -4/21 HPs)
             Began as a Tengu Warper on Aug 28, 2022.
             Splashed by a jelly's acid (9 damage)
             ... on level 5 of the Dungeon.
             The game lasted 00:00:10 (2380 turns).

qw the Chopper (Tengu Warper)                       Turns: 2380, Time: 00:00:11

Health: -4/21      AC: -4    Str: 13    XL:     3   Next: 68%
Magic:  7/7        EV: 12    Int: 13    God:
Gold:   95         SH:  0    Dex: 13    Spells: 6/6 levels left

rFire   . . .      SeeInvis .   Y - +1 hand axe
rCold   . . .      Faith    .   (no shield)
rNeg    . . .      Spirit   .   b - +0 leather armour
rPois   .          Reflect  .   (helmet restricted)
rElec   .          Harm     .   (no cloak)
rCorr   .          Rampage  .   (no gloves)
Will    .....                   (boots unavailable)
Stlth   +.........              (no amulet)
HPRegen 0.07/turn               (no ring)
MPRegen 0.10/turn               (no ring)

@: corroded
A: beak, talons 3
a: no special abilities


You were on level 5 of the Dungeon.
You visited 1 branch of the dungeon, and saw 4 of its levels.

You collected 95 gold pieces.


Innate Abilities, Weirdness & Mutations

You have a beak for a mouth.
You have claws for feet.


   Skills:
 - Level 2.0 Fighting
 + Level 4.3 Axes
 - Level 1.0 Throwing
 - Level 1.1 Armour
 - Level 2.1 Dodging
 - Level 2.0 Spellcasting
 - Level 2.4 Translocations


You had 6 spell levels left.
You didn't know any spells.
Your spell library contained the following spells:

 Spells                   Type           Power      Damage    Failure   Level
 Blink                    Tloc           14%        N/A       19%         2
 Gell's Gravitas          Tloc           7%         N/A       36%         3
 Lesser Beckoning         Tloc           7%         N/A       36%         3
 Teleport Other           Tloc           7%         N/A       36%         3
 Manifold Assault         Tloc           7%         N/A       98%         5

Inventory:

Hand Weapons
 i - a +0 club
 Y - a +1 hand axe (weapon)
Missiles
 l - 3 javelins (quivered)
Armour
 b - a +0 leather armour (worn)
Potions
 a - a potion of might {unknown}
 g - a potion of curing {unknown}
 j - a potion of degeneration {unknown}

Dungeon Overview and Level Annotations

Branches:
Dungeon (5/15)
 Temple: D:4-7

Altars:


Message History

There is an entrance to an ossuary on this level.
Hurry and find it before the portal is buried!
Found an escape hatch in the floor.
Existing waypoints: (1) D:2 (2) D:3 Assign waypoint to what number? (0-9, D - delete waypoint) Waypoint 1 re-assigned from D:2 to D:5.
Enter note:
2333 ||| PLANNING OSSUARY A jelly comes into view.
2336 ||| Stepping ~*~*~tactically~*~*~ (stealth).
A dart slug comes into view.
2343 ||| Stepping ~*~*~tactically~*~*~ (hiding).
You start waiting.
A jelly is nearby!
2369 ||| Stepping ~*~*~tactically~*~*~ (stealth).
The dart slug launches a dart at you. The slug dart hits you.
2370 ||| Stepping ~*~*~tactically~*~*~ (hiding).
2371 ||| Stepping ~*~*~tactically~*~*~ (stealth).
You start resting.
There are monsters nearby!
The jelly quivers.
The dart slug launches a dart at you. The slug dart hits you.
You hear the slow hiss of a very distant avalanche of sand.
The dart slug launches a dart at you. The slug dart hits you.
You slash the dart slug!
You peck the dart slug, but do no damage.
The dart slug is severely wounded.
You hit the dart slug. You claw the dart slug.
You kill the dart slug!
You hit the jelly. The acid corrodes you!
Your hands burn!
The jelly is heavily wounded.
The jelly closely misses you.
You hit the jelly but do no damage.
Your hands burn!
You claw the jelly. You peck the jelly, but do no damage.
The jelly is severely wounded.
The jelly hits you. The acid corrodes you!
You are splashed with acid!
You die...

#.######......#
####...#
########..##
#.........#
#.####...>#
#....# #....#
##....# #@..###
#.J#### #..
...# ....
..#... . ##. ##


You could see a jelly.

Vanquished Creatures
  3 dart slugs
  2 bats
  3 endoplasms
  A giant cockroach (D:2)
  4 hobgoblins
  2 quokkas
  3 ball pythons (D:2)
  2 frilled lizards (D:1)
  9 goblins
  3 kobolds
  6 rats
38 creatures vanquished.

Notes
Turn   | Place    | Note
-------+----------+-------------------------------------------
     0 | D:1      | qw the Tengu Warper began the quest for the Orb.
     0 | D:1      | Reached XP level 1. HP: 12/12 MP: 4/4
     0 | D:1      | 0 ||| qw: Version: 0.1-a-89-g26bdef1
     0 | D:1      | 0 ||| qw: Game counter: 690
     0 | D:1      | 0 ||| qw: Always use a shield: true
     0 | D:1      | 0 ||| qw: God list: Okawaru
     0 | D:1      | 0 ||| qw: Allow faded altars: false
     0 | D:1      | 0 ||| qw: Do Orc after D:15 true
     0 | D:1      | 0 ||| qw: Do second Lair branch before Depths: true
     0 | D:1      | 0 ||| qw: Lair rune preference: random
     0 | D:1      | 0 ||| qw: Plans: Normal
     0 | D:1      | 0 ||| PLANNING D:1-11
   303 | D:1      | 303 ||| Stepping ~*~*~tactically~*~*~ (stealth).
   315 | D:1      | Reached skill level 3 in Axes
   315 | D:1      | Reached XP level 2. HP: 12/17 MP: 6/6
   420 | D:1      | 420 ||| Stepping ~*~*~tactically~*~*~ (stealth).
   641 | D:1      | 641 ||| Stepping ~*~*~tactically~*~*~ (hiding).
  1076 | D:1      | Reached XP level 3. HP: 21/21 MP: 7/7
  1374 | D:1      | 1374 ||| DROPPING orb of wrath.
  1375 | D:1      | 1375 ||| READING scroll labelled DIWEQE RYAHY.
  1491 | D:1      | 1491 ||| READING scroll labelled VAANOA CAGALYF.
  1492 | D:1      | 1492 ||| DRINKING 2 smoky black potions.
  1493 | D:1      | 1493 ||| DROPPING scroll of blinking.
  1494 | D:1      | 1494 ||| DROPPING potion of invisibility.
  1562 | D:2      | Reached skill level 4 in Axes
  1642 | D:2      | 1642 ||| Stepping ~*~*~tactically~*~*~ (stealth).
  1653 | D:2      | 1653 ||| Stepping randomly (stuck).
  1654 | D:2      | 1654 ||| Stepping randomly (stuck).
  1655 | D:2      | 1655 ||| Stepping randomly (stuck).
  1656 | D:2      | 1656 ||| Stepping randomly (stuck).
  1657 | D:2      | 1657 ||| Stepping randomly (stuck).
  1667 | D:2      | 1667 ||| Stepping ~*~*~tactically~*~*~ (hiding).
  2107 | D:2      | Found the +7 great mace "Firestarter" {inner flame, rF++}
  2314 | D:2      | 2314 ||| READING scroll labelled PADOAG SAFEBB.
  2315 | D:2      | 2315 ||| READING scroll labelled HAACA FYBOETOT.
  2316 | D:2      | 2316 ||| READING scroll labelled JELYUXUATH.
  2320 | D:2      | 2320 ||| DRINKING 2 fuming green potions.
  2321 | D:2      | 2321 ||| DROPPING potion of magic.
  2326 | D:3      | You fall into a shaft and drop 2 floors!
  2326 | D:5      | Entered Level 5 of the Dungeon
  2333 | D:5      | 2333 ||| PLANNING OSSUARY
  2336 | D:5      | 2336 ||| Stepping ~*~*~tactically~*~*~ (stealth).
  2343 | D:5      | 2343 ||| Stepping ~*~*~tactically~*~*~ (hiding).
  2369 | D:5      | 2369 ||| Stepping ~*~*~tactically~*~*~ (stealth).
  2370 | D:5      | 2370 ||| Stepping ~*~*~tactically~*~*~ (hiding).
  2371 | D:5      | 2371 ||| Stepping ~*~*~tactically~*~*~ (stealth).
  2380 | D:5      | HP: 5/21 [jelly (3)]
  2380 | D:5      | Splashed by a jelly's acid

Levels and vault maps discovered:
D:1:      lemuel_arrival_hallway, layout_rooms, grunt_decor_clamped
D:2:      layout_loops_ring, due_unseen_surprise
D:3:      layout_loops_ring, mainiacjoe_overflow_tiny_flanked,
          nicolae_overflow_ecumenical_swirl, bloody_makhleb,
          nicolae_ecumenical_snake_handling, nicolae_figureground_sparkle,
          uniq_ijyb
D:5:      kb_forest_paths, layout_layer_cave, gup_ossuary_entry_pyramid,
          serial_co_window_serial, co_window_corner_a,
          co_window_of_opportunity_a, co_window_of_opportunity_a,
          co_window_paths_b, co_window_paths_a, co_window_of_opportunity_c,
          co_window_broadway_c, co_window_corner_b, co_window_2corner,
          co_window_paths_c, glass_columns_b, glass_columns_b, glass_columns_c,
          glass_columns_a, glass_columns_a, uniq_pikel

Skill      XL: |  1  2  3 |
---------------+----------+-----
Axes           | 3 4 |  4.3
Fighting       | |  2.0
Throwing       | |  1.0
Armour         | |  1.1
Dodging        | |  2.1
Spellcasting   | |  2.0
Translocations | |  2.4

Action                   || total
-------------------------++-------
Melee: Hand axe          ||    71
       Peck              ||    10
       Kick              ||    12
Throw: Boomerang         ||     7
       Javelin           ||    18
  Use: Scroll            ||     5
       Potion            ||     2
Armor: Leather armour    ||     8
Dodge: Dodged            ||    32

Table legend:
 A = Non-vault XP
 B = Vault XP
 C = Vault XP percentage of total XP
 D = Non-vault monster count
 E = Vault monster count
 F = Vault count percentage of total count
                 A         B        C        D         E       F
            +---------+---------+-------+---------+---------+-------
      Total |      67 |       0 |   0.0 |      38 |       0 |   0.0
            +---------+---------+-------+---------+---------+-------
        D:1 |      40 |       0 |   0.0 |      24 |       0 |   0.0
        D:2 |      23 |       0 |   0.0 |      13 |       0 |   0.0
        D:5 |       4 |       0 |   0.0 |       1 |       0 |   0.0
            +---------+---------+-------+---------+---------+-------
